 Dungeon Crawl Stone Soup version 0.23-a0-756-g517b432 (webtiles) character file.

2422 varaam the Quickloader (level 9, -1/78 HPs)
             Began as a Centaur Hunter on Jan 18, 2019.
             Was a Follower of Fedhas.
             Splashed by an orc wizard's acid (5 damage)
             ... on level 7 of the Dungeon.
             The game lasted 00:42:27 (7704 turns).

varaam the Quickloader (Centaur Hunter)             Turns: 7704, Time: 00:42:28

Health: -1/78      AC:  8    Str: 15 (18) XL:     9   Next: 24%
Magic:  9/9        EV: 11    Int:  8 (10) God:    Fedhas [*.....]
Gold:   297        SH:  0    Dex: 10 (12) Spells: 8/8 levels left

rFire    + . .     SeeInvis .   w - +0 dagger (venom)
rCold    + . .     Gourm    .   (no shield)
rNeg     + . .     Faith    .   E - +2 leather armour {rN+} {rN+}
rPois    +         Spirit   .   (no helmet)
rElec    +         Reflect  .   (no cloak)
rCorr    +         Harm     .   J - +1 pair of gloves
MR       .....                  (no barding)
Stlth    +.........             R - amulet of regeneration
HPRegen  0.63/turn              D - +2 ring of dexterity
MPRegen  0.11/turn              (no ring)

@: resistant, berserk cooldown, slowed
A: large, hooves 3, deformed body, speed 2, tough skin 3
a: Fungal Bloom, Sunlight, Renounce Religion


You were on level 7 of the Dungeon.
You worshipped Fedhas.
Fedhas was aware of your devotion.
You were not hungry.

You visited 1 branch of the dungeon, and saw 7 of its levels.

You collected 499 gold pieces.
You spent 202 gold pieces at shops.

Inventory:

Hand Weapons
 a - a +1 hand crossbow
 p - a +0 rapier
 w - a +0 dagger of venom (weapon)
 A - a +2 hunting sling of velocity
Missiles
 h - 265 stones (quivered)
 j - 4 needles of sleeping
 C - 8 tomahawks
 F - 18 poisoned needles
 I - 3 throwing nets {=f}
 Q - 7 bolts
Armour
 c - a +0 leather armour
 g - a +2 scale mail of fire resistance {rF+}
 v - a +0 buckler
 E - a +2 leather armour of positive energy (worn) {rN+}
 H - +0 steam dragon scales
 J - a +1 pair of gloves (worn)
Jewellery
 D - a +2 ring of dexterity (left hand)
 R - an amulet of regeneration (around neck)
Wands
 d - a wand of disintegration (21)
 i - a wand of flame (10)
Scrolls
 e - 2 scrolls of fear
 m - a scroll of random uselessness
 n - 4 scrolls of remove curse {unknown}
 o - 2 scrolls of enchant weapon
 q - 3 scrolls of enchant armour
 t - a scroll of teleportation
 G - a scroll of immolation {!r}
Potions
 b - a potion of brilliance {unknown}
 f - a potion of magic {unknown}
 k - 5 potions of curing
 l - a potion of resistance
 r - a potion of mutation {unknown}
 s - a potion of invisibility {unknown}
 u - a potion of berserk rage {!q}
 x - 2 potions of degeneration {!q}
 z - 2 potions of agility {unknown}
 B - a potion of flight {unknown}
 K - a potion of might {unknown}
Comestibles
 y - 14 rations


   Skills:
 + Level 6.4 Fighting
 + Level 5.0 Short Blades
 * Level 8.7 Crossbows
 + Level 4.9 Dodging
 - Level 0.4 Stealth


You had 8 spell levels left.
You didn't know any spells.
Your spell library contained the following spells:

 Spells                   Type           Power        Failure   Level  Hunger
 Confusing Touch          Hex            #.....       47%         1    ##.....
 Summon Small Mammal      Summ           #...         47%         1    ##.....
 Call Imp                 Summ           #.......     63%         2    ###....
 Call Canine Familiar     Summ           #.......     85%         3    ####...
 Confuse                  Hex            #.......     85%         3    ####...
 Gell's Gravitas          Tloc           #.........   85%         3    ####...
 Summon Guardian Golem    Hex/Summ       #.......     85%         3    ####...
 Petrify                  Tmut/Erth      #.......     99%         4    #####..
 Summon Ice Beast         Ice/Summ       #.......     99%         4    #####..
 Summon Lightning Spire   Summ/Air       #.......     99%         4    #####..
 Metabolic Englaciation   Hex/Ice        #.........   100%        5    ######.
 Yara's Violent Unravell  Hex/Tmut       #.........   100%        5    ######.


Dungeon Overview and Level Annotations

Branches:
Dungeon (7/15)             Temple (0/1) D:4

Altars:
Dithmenos
Fedhas
Makhleb
Okawaru
Sif Muna

Shops:
D:6 [

Annotations:
D:3 exclusion: door
D:4 Pikel


Innate Abilities, Weirdness & Mutations

You have hooves in place of feet.
Armour fits poorly on your strangely shaped body.
You cover ground very quickly.
You have extremely tough skin. (AC +3)


Message History

You are no longer corroded.
The orc wizard closely misses you.
You barely miss the orc wizard.
The orc wizard zaps a wand.
The bolt of acid hits you! You resist.
* * * LOW HITPOINT WARNING * * *
You are splashed with acid!
The acid burns!
You resist.
* * * LOW HITPOINT WARNING * * *
You take 9 damage, and have 9/78 hp.
You closely miss the orc wizard.
The orc wizard points at you and mumbles some strange words.
The magic dart hits you!
The orc wizard hits you but does no damage.
You barely miss the orc wizard. The orc wizard closely misses you.
You closely miss the orc wizard.
The orc wizard zaps a wand.
The bolt of acid hits you! You resist.
* * * LOW HITPOINT WARNING * * *
You are splashed with acid!
The acid burns!
You resist.
You die...

##.# #......#.###.#
#.# #.##.#######.#
#.#####.#..####....#
#.......#.###≈######
#######(....#≈#...#
#.##.#.≈.##.#
#.#....≈....#
#.#....oo####
#.#...#≈#@(.#
#.#.).#≈###)#
#.#...#≈#...#
########.#..########
..................#
#####.##...######.#
#.##.####<..#.#
#....# ###...#
###### ###.#


You could see an orc wizard and an orc.

Vault maps used:
D:1:      psy_arrival_basics
D:2:      minmay_razor_zed, makhleb_heckhound_becter, lemuel_doored_altar,
          first_ration
D:3:      st_stairs_4, led_sif_book
D:4:      minmay_bubble_buster, minmay_temple_entry_junction, uniq_ijyb,
          uniq_pikel
D:5:      st_stairs_5, uniq_menkaure
D:6:      cheibrodos_steamvent, chequers_temple_overflow_statue_of_worship,
          enter_ossuary_4, serial_shops, nicolae_shop_overgrown_old_shop,
          ebering_dispersal_statue_hall
D:7:      serial_rivers, chequers_serial_rivers_large_a,
          chequers_serial_rivers_micro_c, chequers_serial_rivers_micro_a,
          chequers_serial_rivers_micro_d, chequers_serial_rivers_room_a,
          grunt_ogre_cave, kennysheep_generic_room_5

Notes
Turn   | Place    | Note
-------+----------+-------------------------------------------
     0 | D:1      | varaam the Centaur Hunter began the quest for the Orb.
     0 | D:1      | Reached XP level 1. HP: 17/17 MP: 1/1
   107 | D:1      | Identified a +2 scale mail of fire resistance (You found it
                  | on level 1 of the Dungeon)
   117 | D:1      | Identified a +0 leather armour
   141 | D:1      | Identified a +0 short sword
   348 | D:1      | Reached XP level 2. HP: 23/24 MP: 2/2
   378 | D:1      | Identified a +0 dagger
   971 | D:2      | Identified a +0 dagger
   985 | D:2      | Identified a +1 hand crossbow
   988 | D:2      | Reached XP level 3. HP: 30/30 MP: 3/3
  1018 | D:2      | Identified a +0 rapier (You found it on level 2 of the
                  | Dungeon)
  1123 | D:2      | Identified a +0 dagger
  1127 | D:2      | Identified a +0 club
  1139 | D:2      | Reached skill level 2 in Dodging
  1310 | D:2      | Identified an amulet of harm (You found it on level 2 of
                  | the Dungeon)
  1320 | D:2      | Found a blossoming altar of Fedhas.
  1325 | D:2      | Became a worshipper of Fedhas Madash
  1371 | D:2      | Found a burning altar of Makhleb.
  1381 | D:2      | Reached skill level 3 in Fighting
  1381 | D:2      | Reached skill level 5 in Crossbows
  1381 | D:2      | Reached XP level 4. HP: 31/38 MP: 4/4
  1788 | D:3      | Identified a +0 dagger
  1806 | D:3      | Identified a +0 short sword
  1991 | D:3      | Found a deep blue altar of Sif Muna.
  2011 | D:3      | Identified a +0 dagger
  2011 | D:3      | Identified a +0 robe
  2011 | D:3      | Identified a +0 dagger
  2011 | D:3      | Identified a +0 robe
  2229 | D:3      | Identified a +0 ring mail
  2229 | D:3      | Identified a +0 dagger
  2229 | D:3      | Identified a +1 robe of cold resistance
  2229 | D:3      | Identified a +0 club
  2229 | D:3      | Identified a +0 dagger
  2229 | D:3      | Identified a +0 robe
  2238 | D:3      | Identified a +0 dagger
  2238 | D:3      | Identified a +0 robe
  2239 | D:3      | Reached XP level 5. HP: 36/45 MP: 5/5
  2245 | D:3      | Reached skill level 1 in Short Blades
  2518 | D:3      | Identified a +0 club
  2549 | D:3      | Identified a +0 club
  2549 | D:3      | Identified an uncursed amulet of regeneration
  2727 | D:3      | Identified 6 scrolls of identify
  2727 | D:3      | Identified a ring of teleportation (You found it on level 3
                  | of the Dungeon)
  2952 | D:4      | Identified a +0 whip of freezing
  2952 | D:4      | Identified a +0 robe
  2952 | D:4      | Noticed Pikel
  2952 | D:4      | Identified a +0 animal skin
  2952 | D:4      | Noticed a slave
  2952 | D:4      | Identified a +0 animal skin
  2952 | D:4      | Noticed a slave
  3117 | D:4      | Identified a +2 hunting sling of velocity (You found it on
                  | level 4 of the Dungeon)
  3274 | D:4      | Identified a +0 trident
  3316 | D:4      | Found a staircase to the Ecumenical Temple.
  3358 | D:4      | Identified a +0 leather armour
  3389 | D:4      | Reached XP level 6. HP: 52/52 MP: 6/6
  3442 | D:4      | Reached skill level 2 in Short Blades
  3454 | D:4      | Identified a +0 dagger
  3454 | D:4      | Identified a +0 leather armour
  3486 | D:4      | Reached skill level 4 in Fighting
  3486 | D:4      | Reached skill level 3 in Dodging
  3708 | D:4      | Identified a +0 dagger
  3708 | D:4      | Identified a +0 chain mail
  3708 | D:4      | Noticed Ijyb
  3716 | D:4      | Killed Ijyb
  3716 | D:4      | Reached skill level 6 in Crossbows
  4174 | D:5      | Entered Level 5 of the Dungeon
  4196 | D:5      | Noticed Menkaure
  4201 | D:5      | Killed Menkaure
  4201 | D:5      | Reached XP level 7. HP: 33/60 MP: 7/7
  4476 | D:5      | Identified a ring of dexterity (You found it on level 5 of
                  | the Dungeon)
  4494 | D:5      | Identified a +2 leather armour of positive energy (You
                  | found it on level 5 of the Dungeon)
  4544 | D:5      | Identified a +0 dagger
  4544 | D:5      | Identified a +0 robe
  4547 | D:5      | Identified a +0 morningstar
  4602 | D:5      | Reached skill level 3 in Short Blades
  4612 | D:5      | Identified a cursed +0 dagger
  4612 | D:5      | Identified a +0 robe
  4612 | D:5      | Identified a +0 dagger of venom
  4612 | D:5      | Identified a +0 robe
  4612 | D:5      | Identified a +1 short sword of draining
  4613 | D:5      | Identified a +0 dagger
  4825 | D:5      | Identified a +0 club
  4825 | D:5      | Identified a +0 ring mail
  4825 | D:5      | Identified a +0 leather armour
  4825 | D:5      | Identified a +0 flail
  5233 | D:6      | Identified a +0 hand axe
  5233 | D:6      | Identified a +0 hand axe
  5235 | D:6      | Identified a cursed -3 mace
  5245 | D:5      | Identified a scroll of random uselessness
  5246 | D:5      | Identified a scroll of immolation
  5247 | D:5      | Identified a scroll of fog
  5248 | D:5      | Identified 2 scrolls of enchant weapon
  5249 | D:5      | Identified 2 scrolls of fear
  5250 | D:5      | Identified 3 scrolls of enchant armour
  5251 | D:5      | Identified 2 scrolls of teleportation
  5357 | D:6      | Reached skill level 5 in Fighting
  5382 | D:6      | Noticed a steam dragon
  5413 | D:6      | Killed a steam dragon
  5413 | D:6      | Identified +0 steam dragon scales
  5413 | D:6      | Reached XP level 8. HP: 68/68 MP: 8/8
  5557 | D:6      | Reached skill level 4 in Dodging
  5563 | D:6      | Reached skill level 7 in Crossbows
  5578 | D:6      | Found Bopser's Antique Armour Shop.
  5585 | D:6      | Bought a pair of glowing gloves for 202 gold pieces
  5590 | D:6      | Identified a +1 pair of gloves (You bought it in a shop on
                  | level 6 of the Dungeon)
  5663 | D:6      | Identified a +0 halberd
  5672 | D:6      | Identified a +0 shortbow
  5674 | D:6      | Identified a +0 spear
  5689 | D:6      | Identified a +0 flail
  5694 | D:6      | Identified a +0 flail
  5694 | D:6      | Identified a +0 club
  5694 | D:6      | Identified a +0 chain mail
  5695 | D:6      | HP: 15/68 [orc priest/divine providence (10)]
  5695 | D:6      | Identified a +0 leather armour
  5695 | D:6      | Identified a +0 mace
  5695 | D:6      | Identified a +0 leather armour
  5702 | D:6      | Found an iron altar of Okawaru.
  5704 | D:6      | Found a shadowy altar of Dithmenos.
  5886 | D:7      | Identified a +1 dagger of speed
  5907 | D:7      | Identified a +0 shortbow
  5912 | D:7      | Reached skill level 4 in Short Blades
  5917 | D:7      | Identified a +0 ring mail
  5928 | D:7      | Identified a +0 whip
  5928 | D:7      | Identified a +0 scale mail
  5943 | D:7      | Identified a cursed -1 dagger
  5943 | D:7      | Identified a +0 robe
  5945 | D:7      | Reached * piety under Fedhas
  6006 | D:7      | Identified a +1 flail of protection
  6006 | D:7      | Identified a +0 leather armour
  6007 | D:7      | Identified a +0 dagger
  6007 | D:7      | Identified a +0 robe
  6081 | D:7      | Identified a +0 shortbow
  6084 | D:7      | Identified a +0 flail
  6099 | D:7      | Identified a +0 leather armour
  6144 | D:7      | Identified a +0 giant club
  6189 | D:7      | Identified a +0 giant spiked club
  6200 | D:7      | Reached skill level 6 in Fighting
  6303 | D:7      | Reached skill level 8 in Crossbows
  6370 | D:7      | Identified a +0 dagger
  6370 | D:7      | Identified a +0 robe
  6372 | D:7      | Identified a +0 club
  6372 | D:7      | Identified a +0 shortbow
  6374 | D:7      | Identified a cursed -3 dagger
  6374 | D:7      | Identified a +0 robe
  6393 | D:7      | Identified a +0 flail
  6398 | D:7      | Identified a +0 short sword
  6539 | D:6      | Reached XP level 9. HP: 75/75 MP: 9/9
  7011 | D:6      | HP: 13/78 [something (10)]
  7013 | D:6      | HP: 1/78 [something (10)]
  7522 | D:7      | Reached skill level 5 in Short Blades
  7649 | D:7      | Identified a +0 mace
  7672 | D:7      | HP: 13/78 [centaur/arrow (11)]
  7678 | D:7      | HP: 12/78 [centaur/arrow (4)]
  7686 | D:7      | Identified 3 potions of degeneration
  7687 | D:7      | Identified 6 potions of curing
  7688 | D:7      | Identified 2 potions of resistance
  7689 | D:7      | Identified 2 potions of berserk rage
  7690 | D:7      | HP: 27/117 [centaur/+0 club (8)]
  7696 | D:7      | HP: 19/78 [orc wizard/cursed -3 dagger (1)]
  7701 | D:7      | HP: 14/78 [orc wizard/wand of acid (3) (4)]
  7704 | D:7      | HP: 4/78 [orc wizard/wand of acid (2) (7)]
  7704 | D:7      | Splashed by an orc wizard's acid

Table legend:
 A = Turns spent in this place as a percentage of turns spent in the entire game.
 B = Non-inter-level travel turns spent in this place as a percentage of non-inter-level travel turns spent in the entire game.
 C = Inter-level travel turns spent in this place as a percentage of turns spent in this place.
 D = Turns resting spent in this place as a percentage of non-inter-level travel turns spent in this place.
 E = Turns spent auto-exploring this place as a percentage of non-inter-level travel turns spent in this place.
 F = Non-inter-level travel turns spent in this place divided by the number of levels of this place that you've seen.
                   A       B       C       D       E      F
               +-------+-------+-------+-------+-------+----------------------
         Total | 100.0 | 100.0 |   2.8 |   6.5 |  54.9 | 1070.3
       Dungeon | 100.0 | 100.0 |   2.8 |   6.5 |  54.9 | 1070.3
               +-------+-------+-------+-------+-------+----------------------

Table legend:
 A = Kills in this place as a percentage of kills in entire the game.
 B = Kills by you in this place as a percentage of kills by you in the entire game.
 C = Kills by friends in this place as a percentage of kills by friends in the entire game.
 D = Other kills in this place as a percentage of other kills in the entire game.
 E = Experience gained in this place as a percentage of experience gained in the entire game.
 F = Experience gained in this place divided by the number of levels of this place that you have seen.
                   A       B       C       D       E      F
               +-------+-------+-------+-------+-------+----------------------
         Total | 100.0 | 100.0 |   N/A |   N/A | 100.0 | 494.4
       Dungeon | 100.0 | 100.0 |   N/A |   N/A | 100.0 | 494.4
               +-------+-------+-------+-------+-------+----------------------

Skill      XL: |  1  2  3  4  5  6  7  8  9 |
---------------+----------------------------+-----
Dodging        | 2 3 4 |  4.9
Fighting       | 3 4 5 6 |  6.4
Crossbows      | 5 6 8 |  8.7
Short Blades   | 1 2 3 4 5 |  5.0
Stealth        | |  0.4

Action                   |  1- 3 |  4- 6 |  7- 9 || total
-------------------------+-------+-------+-------++-------
Melee: Short sword       |    67 |       |       ||    67
       Kick              |    10 |    19 |    80 ||   109
       Rapier            |    21 |   128 |    22 ||   171
       Dagger            |       |       |   204 ||   204
 Fire: Hand crossbow     |    10 |    76 |   106 ||   192
Throw: Stone             |       |       |     3 ||     3
       Tomahawk          |       |       |     6 ||     6
Invok: Fungal Bloom      |       |       |    15 ||    15
Evoke: Wand              |       |     5 |     7 ||    12
  Use: Scroll            |       |     2 |    10 ||    12
       Potion            |       |       |     4 ||     4
  Eat: Chunk             |     1 |     4 |     3 ||     8
       Ration            |       |     1 |     2 ||     3
Armor: Scale mail        |    81 |    77 |    27 ||   185
       Leather armour    |       |       |    66 ||    66
Dodge: Dodged            |    40 |    50 |   114 ||   204

Vanquished Creatures
  2 steam dragons (D:6)
  A hungry ghost (D:6)
  Menkaure (D:5)
  A sky beast (D:7)
  An ice beast (D:6)
  A phantom (D:4)
  A hornet zombie (D:7)
  2 ogres (D:7)
  4 centaurs
  A bullfrog (D:7)
  A scorpion (D:4)
  A crimson imp (D:5)
  A centaur zombie (D:5)
  A bullfrog skeleton (D:7)
  3 hounds
  3 orc priests (D:6)
  A jelly (D:7)
  Ijyb (D:4)
  2 iguanas (D:7)
  7 orc wizards
  3 worker ants (D:5)
  A killer bee zombie (D:4)
  A hound skeleton (D:7)
  2 worker ant zombies
  10 adders
  A gnoll (D:6)
  A shadow imp (D:6)
  An ooze (D:4)
  3 adder skeletons
  2 worms
  3 dart slugs
  9 leopard geckos
  25 orcs
  2 ball pythons
  3 giant cockroaches
  4 goblins
  7 hobgoblins
  13 jackals
  3 quokkas
  8 bats
  11 frilled lizards
  7 kobolds
  A leopard gecko skeleton (D:5)
  A quokka skeleton (D:4)
  A quokka zombie (D:6)
  3 rats (D:3)
  A rat zombie (D:6)
163 creatures vanquished.

Vanquished Creatures (others)
  2 orc wizards (D:3)
  An orc (D:7)
  2 jackals (D:6)
  40 toadstools
45 creatures vanquished.

Grand Total: 208 creatures vanquished
